 Dungeon Crawl Stone Soup version 0.31.0-11-ge490571c62 (webtiles) character file.

Game seed: 3682369914682270213

21 qw the Shooter (level 2, 0/14 HPs)
             Began as a Spriggan Hunter on Feb 3, 2024.
             Succumbed to their own poison gas
             ... on level 1 of the Dungeon.
             The game lasted 00:00:02 (600 turns).

qw the Shooter (Spriggan Hunter)                     Turns: 600, Time: 00:00:02

Health: 0/14       AC:  2    Str:  7    XL:     2   Next: 65%
Magic:  3/3        EV: 24    Int: 10    God:
Gold:   795        SH:  0    Dex: 18    Spells: 1/1 levels left

rFire   + . .        a - +0 shortbow
rCold   . . .        (shield currently unavailable)
rNeg    . . .        c - +0 robe
rPois   .            (helmet restricted)
rElec   .            (no cloak)
rCorr   .            (gloves unavailable)
SInv    +            (boots unavailable)
Will    .....        (no amulet)
Stlth   ++           g - +5 ring of evasion
HPRegen 0.22/turn    h - ring of protection from fire
MPRegen 0.08/turn

%: no passive effects
@: lethally poisoned (0 -> -6), attractive, very quick
A: very small, no large weapons, unfitting armour, see invisible, speed 3
a: no special abilities


You were on level 1 of the Dungeon.
You visited 1 branch of the dungeon, and saw 1 of its levels.

You collected 795 gold pieces.


Innate Abilities, Weirdness & Mutations

You are very small and have problems with some larger weapons.
You are too small for most types of armour.
You have supernaturally acute eyesight. (SInv)
You cover ground extremely quickly. (Speed+++)


   Skills:
 - Level 1.5 Fighting
 + Level 4.2 Ranged Weapons
 - Level 4.1 Dodging
 - Level 1.5 Stealth


You had one spell level left.
You didn't know any spells.
Your spell library was empty.

Inventory:

Hand Weapons
 a - a +0 shortbow (weapon)
Armour
 c - a +0 robe (worn)
Jewellery
 g - a +5 ring of evasion (left hand)
 h - a ring of protection from fire (right hand)
Potions
 d - a potion of curing {unknown}

Dungeon Overview and Level Annotations

Branches:
Dungeon (1/15)

Altars:


Message History

591 ||| READING scroll labelled GASHECVA GIED.
This is a scroll of acquirement!
591 ||| ACQUIRING 748 gold pieces Something appears at your feet!
You now have 795 gold pieces (gained 748).
Done exploring.
593 ||| DRINKING 2 clear potions.
It was a potion of attraction.
You feel attractive to monsters.
Done exploring.
594 ||| DROPPING scroll of butterflies.
You drop a scroll of butterflies.
Done exploring.
595 ||| DROPPING potion of attraction.
You drop a potion of attraction.
Done exploring.
What level of the Dungeon? (default 1, ? - help) Sorry, I don't know how to get there.
Enter note:
Enter note:
Enter note:
Enter note:
Enter note:
Enter note:
Enter note:
Enter note:
Enter note:
Enter note:
Enter note:
Enter note: You are engulfed in poison gas.
You are lethally poisoned!
You feel very sick.
597 ||| Stepping ~*~*~tactically~*~*~ (cloud).
You feel sick.
Things that are here:
a potion of attraction; a scroll of butterflies
There is a lethal amount of poison in your body!
You feel very sick.
There is a lethal amount of poison in your body!
You feel sick.
There is a lethal amount of poison in your body!
You die...

####### ############ ###.....#
#000000¤000#
..#.###.#####0¤¤00¤00¤0#######
..#.# #..00¤¤¤¤¤00¤¤¤00##....####
..#.#########¤00@¤¤0¤00##........
..#.........#¤###########....####
..#########.#.#).............#
)%.%...####.#.#.#########.##.####
:%####.#....#.#.###..............
..# #........#.....#####.##.####
#.## #.#......#..#...........####
...##########.#..#.######........
..........#)#....#.# ##.......


There were no monsters in sight!

Vanquished Creatures
  A dart slug (D:1)
  An endoplasm (D:1)
  A giant cockroach (D:1)
  4 jackals (D:1)
  A ball python (D:1)
  3 bats (D:1)
  A frilled lizard (D:1)
  2 kobolds (D:1)
  5 rats (D:1)
19 creatures vanquished.

Notes
Turn   | Place    | Note
-------+----------+-------------------------------------------
     0 | D:1      | qw the Spriggan Hunter began the quest for the Orb.
     0 | D:1      | Reached XP level 1. HP: 10/10 MP: 2/2
     0 | D:1      | 0 ||| qw: Version: 0.3-a-157-g843a77d
     0 | D:1      | 0 ||| qw: Game counter: 3572
     0 | D:1      | 0 ||| qw: Melee chars always use a shield: true
     0 | D:1      | 0 ||| qw: God list: Okawaru
     0 | D:1      | 0 ||| qw: Allow faded altars: false
     0 | D:1      | 0 ||| qw: Do Orc after clearing Dungeon:15 true
     0 | D:1      | 0 ||| qw: Do second Lair branch before Depths: true
     0 | D:1      | 0 ||| qw: Lair rune preference: random
     0 | D:1      | 0 ||| qw: Goals: Normal
     0 | D:1      | 0 ||| PLANNING D:1-11
    34 | D:1      | Reached skill level 3 in Dodging
   154 | D:1      | Reached XP level 2. HP: 14/14 MP: 3/3
   297 | D:1      | Found a faded altar of an unknown god.
   588 | D:1      | 588 ||| UPGRADING to +5 ring of evasion.
   589 | D:1      | 589 ||| UPGRADING to ring of protection from fire.
   590 | D:1      | 590 ||| READING scroll labelled KIGHIO COXO.
   591 | D:1      | 591 ||| READING scroll labelled GASHECVA GIED.
   591 | D:1      | Identified a scroll of acquirement
   591 | D:1      | 591 ||| ACQUIRING 748 gold pieces
   591 | D:1      | Acquired 748 gold pieces
   593 | D:1      | 593 ||| DRINKING 2 clear potions.
   594 | D:1      | 594 ||| DROPPING scroll of butterflies.
   595 | D:1      | 595 ||| DROPPING potion of attraction.
   597 | D:1      | 597 ||| Stepping ~*~*~tactically~*~*~ (cloud).
   598 | D:1      | HP: 3/14 [poisoned by you (poison gas)]
   599 | D:1      | HP: 1/14 [poisoned by you (poison gas)]
   600 | D:1      | Succumbed to their own poison gas

Levels and vault maps discovered:
D:1:      orjb1_lava_funnel, layout_basic, shapermc_ecumenical_altar_notcrosses,
          serial_bayou_pond_d

Skill      XL: |  1  2 |
---------------+-------+-----
Dodging        | 3 4 |  4.1
Fighting       | |  1.5
Ranged Weapons | |  4.2
Stealth        | |  1.5

Action                     || total
---------------------------++-------
   Fire: Shortbow          ||    47
    Use: Scroll            ||     2
         Potion            ||     1
 Armour: Robe              ||     8
  Dodge: Dodged            ||    18

Table legend:
 A = Non-vault XP
 B = Vault XP
 C = Vault XP percentage of total XP
 D = Non-vault monster count
 E = Vault monster count
 F = Vault count percentage of total count
                 A         B        C        D         E       F
            +---------+---------+-------+---------+---------+-------
      Total |      31 |       0 |   0.0 |      19 |       0 |   0.0
            +---------+---------+-------+---------+---------+-------
        D:1 |      31 |       0 |   0.0 |      19 |       0 |   0.0
            +---------+---------+-------+---------+---------+-------
